 Dungeon Crawl Stone Soup version 0.30.1-9-gdf580d7c3d (webtiles) character file.

Game seed: 17392190823296405253

65 lonewolfV2 the Chopper (level 3, 0/49 HPs)
             Began as a Minotaur Berserker on Oct 13, 2023.
             Was a Believer of Trog.
             Slain by Robin
             ... wielding a +0 trident
              (3 damage)
             ... on level 2 of the Dungeon.
             The game lasted 00:05:47 (1250 turns).

lonewolfV2 the Chopper (Minotaur Berserker)         Turns: 1250, Time: 00:05:48

Health: 0/49       AC: 21    Str: 19 (21) XL:     3   Next: 92%
Magic:  2/2        EV:  2    Int:  2 (4)  God:    Trog [**....]
Gold:   60         SH:  0    Dex: 10 (11) Spells: 2/2 levels left

rFire   + . .        a - +0 hand axe
rCold   + . .        (no shield)
rNeg    . . .        b - melded +0 animal skin
rPois   +            (helmet currently unavailable)
rElec   +            (cloak currently unavailable)
rCorr   +            (gloves currently unavailable)
SInv    .            (boots currently unavailable)
Will    .....        (no amulet)
Stlth   +            (no ring)
HPRegen 0.28/turn    (no ring)
MPRegen 0.08/turn

%: no passive effects
@: tree-form (expiring), resistant
A: stationary, stasis, torment immunity, boosted hp, (horns 2), (retaliatory
headbutt)
a: Renounce Religion, Berserk, Trog's Hand


You were on level 2 of the Dungeon.
You worshipped Trog.
Trog was pleased with you.
You were a tree.
You visited 1 branch of the dungeon, and saw 2 of its levels.

You collected 60 gold pieces.

Inventory:

Hand Weapons
 a - a +0 hand axe (weapon)
Armour
 b - a +0 animal skin (melded)
Scrolls
 c - 2 scrolls of enchant weapon {unknown}
 d - a scroll of fear {unknown}
Potions
 h - a potion of lignification


   Skills:
 - Level 4.0 Fighting
 + Level 5.4 Axes
 - Level 2.5 Armour
 - Level 2.3 Dodging


You had 2 spell levels left.
You didn't know any spells.
Your spell library was empty.

Dungeon Overview and Level Annotations

Branches:
Dungeon (2/15)

Altars:

Annotations:
D:2 Robin


Innate Abilities, Weirdness & Mutations

You are a tree.
Your roots penetrate the ground, keeping you stationary.
You cannot be teleported.
You are immune to unholy pain and torment.
Your maximum health is greatly increased.
Your equipment is partially melded.
((You have a pair of horns on your head.))
((You reflexively headbutt those who attack you in melee.))


Message History

You hit the hobgoblin.
The hobgoblin is severely wounded.
Robin barely misses you.
The hobgoblin hits you but does no damage.
You barely miss the hobgoblin.
The hobgoblin is severely wounded.
Robin hits you but does no damage. The hobgoblin hits you.
* * * LOW HITPOINT WARNING * * *
Unknown command.
You hit the hobgoblin.
You kill the hobgoblin!
Trog accepts your kill. Robin hits you but does no damage.
You cannot move.
You cannot move.
You cannot move.
You cannot move.
Robin hits you but does no damage. Robin hits you but does no damage.
Robin hits you but does no damage. Robin hits you but does no damage.
Robin hits you from afar with a +0 trident.
* * * LOW HITPOINT WARNING * * *
Robin hits you but does no damage. Robin hits you but does no damage.
Robin hits you but does no damage. Robin hits you but does no damage.
Robin hits you from afar with a +0 trident.
* * * LOW HITPOINT WARNING * * *
Robin hits you but does no damage. Robin hits you but does no damage.
Robin hits you but does no damage. Robin hits you but does no damage.
Robin hits you but does no damage.
Robin hits you from afar with a +0 trident.
* * * LOW HITPOINT WARNING * * *
Your transformation is almost over.
Robin hits you but does no damage.
Robin hits you from afar with a +0 trident.
You die...

#############
#......)♣†g.#
#.#########......
#.# ...). #.#
.$.. #.# ..# #.#
.. #.# # #.# #.#


You could see Robin.

Vanquished Creatures
  An adder (D:2)
  3 dart slugs (D:1)
  2 endoplasms (D:1)
  A giant cockroach (D:2)
  12 goblins
  7 hobgoblins
  2 jackals (D:1)
  4 kobolds (D:1)
  3 quokkas (D:1)
  A ball python (D:1)
  3 bats (D:1)
  3 frilled lizards (D:1)
  2 rats (D:1)
44 creatures vanquished.

Notes
Turn   | Place    | Note
-------+----------+-------------------------------------------
     0 | D:1      | lonewolfV2 the Minotaur Berserker began the quest for the
                  | Orb.
     0 | D:1      | Reached XP level 1. HP: 19/19 MP: 0/0
   136 | D:1      | Reached skill level 4 in Axes
   136 | D:1      | Reached XP level 2. HP: 19/27 MP: 1/1
   847 | D:1      | Reached XP level 3. HP: 33/33 MP: 2/2
   889 | D:1      | Reached ** piety under Trog
  1196 | D:2      | Noticed Robin
  1203 | D:2      | Reached skill level 5 in Axes
  1248 | D:2      | HP: 2/49 [Robin/+0 trident (3)]
  1250 | D:2      | Slain by Robin

Illustrated notes

Levels and vault maps discovered:
D:1:      nzn_arrival_crosshair, layout_loops_cross
D:2:      layout_loops_ring, uniq_robin

Skill      XL: |  1  2  3 |
---------------+----------+-----
Axes           | 4 5 |  5.4
Fighting       | 4 |  4.0
Armour         | |  2.5
Dodging        | |  2.3

Action                     || total
---------------------------++-------
  Melee: Hand axe          ||    91
         Headbutt          ||     9
         Punch             ||     1
    Use: Potion            ||     4
 Armour: Animal skin       ||    17
         Skin              ||    34
  Dodge: Dodged            ||    49
